 Dungeon Crawl Stone Soup version 0.32-a0-7-ge934b4519a (webtiles) character file.

Game seed: 16851861353229186504

1462 NotreDorf the Ruffian (level 8, -1/65 (70) HPs)
             Began as a Minotaur Shapeshifter on Jan 13, 2024.
             Was an Initiate of Makhleb.
             Slain by a wight
             ... wielding a +5 war axe
              (8 damage)
             ... on level 6 of the Dungeon.
             The game lasted 00:10:37 (3766 turns).

NotreDorf the Ruffian (Minotaur Shapeshifter)       Turns: 3766, Time: 00:10:37

HP:   -1/65 (70)    AC:  2    Str: 21    XL:     8   Next: 48%
MP:   8/8           EV: 13    Int:  7    God:    Makhleb [......]
Gold: 322           SH:  0    Dex:  8    Spells: 7/7 levels left

rFire   + + .        o - +12 falchion of Grace {vamp, +Blink rF++ rCorr Dex-2}
rCold   . . .        (no shield)
rNeg    . . .        a - +0 animal skin
rPois   .            (helmet currently unavailable)
rElec   .            (cloak currently unavailable)
rCorr   +            (gloves currently unavailable)
SInv    .            (boots currently unavailable)
Will    .....        z - amulet of regeneration
Stlth   +            (no ring)
HPRegen 1.10/turn    (no ring)
MPRegen 0.11/turn

%: no passive effects
@: beast-form, drained
A: beast (slay +2), horns 2, retaliatory headbutt
a: Begin Untransformation, Renounce Religion, Evoke Blink


You were on level 6 of the Dungeon.
You worshipped Makhleb.
Makhleb was noncommittal.
You were a hulking beast.
You visited 2 branches of the dungeon, and saw 7 of its levels.

You collected 322 gold pieces.

Inventory:

Hand Weapons
 o - the +12 falchion of Grace (weapon) {vamp, +Blink rF++ rCorr Dex-2}
   (You found it on level 2 of the Dungeon)

   Dex-2:     It affects your dexterity (-2).
   rF++:      It greatly protects you from fire.
   +Blink:    It lets you blink.
   rCorr:     It protects you from acid and corrosion.
Missiles
 D - a throwing net (quivered)
Armour
 a - a +0 animal skin (worn)
 h - a +0 leather armour
Jewellery
 k - a ring of magical power
 y - a ring of ice
 z - an amulet of regeneration (around neck)
Talismans
 c - a beast talisman
 d - a flux talisman
 A - a blade talisman
Scrolls
 f - 6 scrolls of identify {unknown}
 i - 3 scrolls of teleportation {unknown}
 j - a scroll of fog {unknown}
 l - 2 scrolls of enchant weapon {unknown}
 m - 2 scrolls of immolation {unknown}
 r - 3 scrolls of butterflies {unknown}
 t - 2 scrolls of enchant armour {unknown}
 v - a scroll of revelation {unknown}
 w - a scroll of noise {unknown}
 x - a scroll of fear {unknown}
 E - a scroll of amnesia {unknown}
 F - a scroll of torment {unknown}
Potions
 b - a potion of lignification
 e - a potion of haste {unknown}
 g - 3 potions of curing {unknown}
 n - a potion of berserk rage {unknown}
 p - a potion of brilliance {unknown}
 q - 2 potions of mutation {unknown}
 s - a potion of heal wounds {unknown}
 u - a potion of magic {unknown}
 B - a potion of resistance {unknown}
 C - a potion of ambrosia {unknown}
 G - a potion of cancellation {unknown}
 H - 2 potions of enlightenment {unknown}
 I - a potion of might {unknown}


   Skills:
 + Level 6.1 Fighting
 + Level 5.9 Dodging
 + Level 6.4 Unarmed Combat
 + Level 2.4 Invocations
 + Level 4.5 Shapeshifting


You had 7 spell levels left.
You didn't know any spells.
Your spell library was empty.

Dungeon Overview and Level Annotations

Branches:
Dungeon (6/15)             Temple (1/1) D:6

Altars:
Ashenzari
Cheibriados
Elyvilon
Fedhas
Hepliaklqana
Kikubaaqudgha
Makhleb
Nemelex Xobeh
Qazlal
Ru
Sif Muna
Trog
Uskayaw
Vehumet
Xom
Yredelemnul
Zin
The Shining One


Innate Abilities, Weirdness & Mutations

You are a hulking beast.
Your limbs bulge with bestial killing power. (Slay +2)
You have a pair of horns on your head.
You reflexively headbutt those who attack you in melee.


Message History

The wight is moderately damaged.
The wight misses you.
You hit the wight but do no damage.
The wight is moderately damaged.
You slash the wight! Your headbutt misses the wight.
The wight is almost destroyed.
The wight closely misses you. You furiously retaliate!
You headbutt the wight.
You destroy the wight!
Makhleb accepts your kill. The wight hits you with a +2 flail!
You feel drained. The wight hits you with a +2 flail!
Your life force feels restored.
Your Fighting skill increases to level 6!
You slash the wight!
The wight is heavily damaged.
You hit the wight. You punch the wight.
The wight is heavily damaged.
The wight hits you with a +4 hand axe.
You slash the wight! You headbutt the wight.
You destroy the wight!
Makhleb accepts your kill. The wight barely misses you.
You furiously retaliate!
You headbutt the wight! You barely miss the wight. You headbutt the wight.
You destroy the wight!
Makhleb accepts your kill. 2 wights come into view.
The wight moves out of view.
Items here: )) [[.
The wight hits you with a +0 mace.
You feel drained. The wight closely misses you.
The wight hits you with a +5 war axe!!
You barely miss the wight. Your headbutt misses the wight.
The wight hits you with a +0 mace!
You feel drained.
* * * LOW HITPOINT WARNING * * *
The wight misses you.
You barely miss the wight. The wight hits you with a +0 mace!
* * * LOW HITPOINT WARNING * * *
You feel drained.
* * * LOW HITPOINT WARNING * * *
The wight hits you with a +5 war axe!
You die...

.................# ...
..<.....~~~~~~~~###^....
8...~~~~~≈≈≈≈≈≈~~~~.....
8~~~~≈≈≈≈≈≈≈≈≈≈≈≈≈~~~...
~~≈≈≈≈≈≈≈~~~~~~≈≈≈≈≈~~~#
≈≈≈≈≈~~~~~#..)~~~~≈≈≈≈~~
≈≈~~~~..#####)#..~~~≈≈≈≈
†~~.....# ###..z...~~~≈≈
~#......# #.....hz...~~~
8.......####............
8........# #..........##
.#.......##...........#
..........#...........#.##....
#.........#..................
##.#....###........#####....
##.##.................#....#
#..##..>....#.##...##......######


You could see 2 wights.

Vanquished Creatures
  Grinder (D:6)
  Eustachio (D:6)
  A black bear (D:6)
  An ogre (D:4)
  A kobold brigand (D:6)
  A bullfrog (D:6)
  3 scorpions (D:5)
  3 wights (D:6)
  2 jellies (D:5)
  2 hounds
  An orc priest (D:5)
  Terence (D:2)
  2 iguanas
  3 gnolls (D:4)
  9 adders
  2 ufetubi (D:5)
  9 dart slugs
  4 ribbon worms
  4 orcs (D:5)
  8 ball pythons
  5 bats
  3 endoplasms
  5 giant cockroaches
  10 goblins
  5 hobgoblins
  7 jackals (D:3)
  5 quokkas
  3 frilled lizards
  19 kobolds
  7 rats
128 creatures vanquished.

Notes
Turn   | Place    | Note
-------+----------+-------------------------------------------
     0 | D:1      | NotreDorf the Minotaur Shapeshifter began the quest for the
                  | Orb.
     0 | D:1      | Reached XP level 1. HP: 16/16 MP: 0/0
   168 | D:1      | Reached XP level 2. HP: 15/23 MP: 1/1
   634 | D:2      | Reached XP level 3. HP: 22/29 MP: 2/2
   816 | D:2      | Identified the +12 falchion of Grace {vamp, +Blink rF++
                  | rCorr Dex-2}
  1244 | D:2      | Noticed Terence
  1252 | D:2      | Killed Terence
  1253 | D:2      | Reached XP level 4. HP: 34/37 MP: 3/3
  1538 | D:3      | Found a blossoming altar of Fedhas.
  2164 | D:3      | Reached XP level 5. HP: 45/45 MP: 4/4
  2513 | D:4      | Noticed an ogre
  2518 | D:4      | Killed an ogre
  2519 | D:4      | Reached XP level 6. HP: 52/52 MP: 5/5
  2866 | D:5      | Entered Level 5 of the Dungeon
  2874 | D:5      | Reached skill level 5 in Unarmed Combat
  2936 | D:5      | Reached XP level 7. HP: 50/60 MP: 6/6
  3560 | D:6      | Reached skill level 5 in Fighting
  3560 | D:6      | Reached skill level 5 in Dodging
  3564 | D:6      | Found a staircase to the Ecumenical Temple.
  3573 | D:6      | Noticed Eustachio
  3577 | Temple   | Entered the Ecumenical Temple
  3600 | Temple   | Became a worshipper of Makhleb the Destroyer
  3628 | D:6      | Killed Eustachio
  3629 | D:6      | Reached skill level 1 in Invocations
  3679 | D:6      | Reached XP level 8. HP: 68/69 MP: 6/8
  3716 | D:6      | Noticed Grinder
  3727 | D:6      | Killed Grinder
  3766 | D:6      | Slain by a wight

Illustrated notes

Levels and vault maps discovered:
D:1:      dpeg_arrival_oval, layout_rooms, minmay_tiny_reverse_x
D:2:      layout_loops_ring, minmay_pentomino_z2, uniq_terence
D:3:      kennysheep_slugbush, layout_loops_ring,
          mainiacjoe_overflow_surrounded_room, roderic_roman_lattice,
          kennysheep_doodads
D:4:      layout_loops_ring
D:5:      layout_loops_ring
D:6:      wander_river, layout_cave_pools, mainiacjoe_overflow_catch_the_wave,
          minmay_temple_entry_stoned_glass, gammafunk_ghost_smash,
          dk_noncrumbling_3, uniq_sigmund, uniq_grinder, uniq_eustachio
Temple:   bh_familiar_temple

Skill      XL: |  1  2  3  4  5  6  7  8 |
---------------+-------------------------+-----
Fighting       | 2 3 4 5 6 |  6.1
Dodging        | 3 4 5 |  5.9
Unarmed Combat | 4 5 6 |  6.4
Shapeshifting  | 3 4 |  4.5
Invocations    | 1 2 |  2.4

Action                     |  1- 3 |  4- 6 |  7- 9 || total
---------------------------+-------+-------+-------++-------
  Melee: Unarmed           |    51 |       |       ||    51
         Headbutt          |     6 |    12 |    11 ||    29
         Falchion          |    21 |    96 |    67 ||   184
         Punch             |       |       |     1 ||     1
 Armour: Animal skin       |    36 |    62 |    58 ||   156
  Dodge: Dodged            |    56 |    63 |    63 ||   182

Table legend: (Time is in decaauts)
 A = Elapsed time spent in this place.
 B = Non-inter-level travel time spent in this place.
 C = Inter-level travel time spent in this place.
 D = Time resting spent in this place.
 E = Time spent auto-exploring this place.
 F = Levels seen in this place.
 G = Mean time per level.
                   A        B        C        D        E       F      G
               +--------+--------+--------+--------+--------+-----+--------+
         Total |   3833 |   3631 |    202 |      0 |   2801 |   7 |  547.6 |
       Dungeon |   3787 |   3607 |    180 |      0 |   2801 |   6 |  631.2 |
        Temple |     45 |     23 |     22 |      0 |      0 |   1 |   45.0 |
               +--------+--------+--------+--------+--------+-----+--------+

Top non-repeatable levels by time:
     D:3: 801 daAuts
     D:2: 785 daAuts
     D:5: 701 daAuts
     D:4: 695 daAuts
     D:1: 626 daAuts
     D:6: 177 daAuts
  Temple: 45 daAuts
